 Dungeon Crawl Stone Soup version 0.30.1-4-g462c640d31 (webtiles) character file.

Game seed: 3828415826181099446

196 Mune the Fighter (level 6, 0/70 HPs)
             Began as a Meteoran Chaos Knight on Aug 12, 2023.
             Was a Plaything of Xom.
             Engulfed by a steam dragon's steam (10 damage)
             ... on level 4 of the Dungeon.
             The game lasted 00:05:57 (1713 turns).

Mune the Fighter (Meteoran Chaos Knight)            Turns: 1713, Time: 00:05:58

Health: 0/70       AC:  6    Str: 14 (15) XL:     6   Next: 25%
Magic:  7/7        EV: 12    Int: 12 (14) God:    Xom [....*.]
Gold:   120        SH:  0    Dex: 11 (14) Spells: 5/5 levels left

rFire   . . .        j - +2 scythe (heavy)
rCold   + . .        (shield currently unavailable)
rNeg    . . .        b - +2 leather armour
rPois   +            (no helmet)
rElec   .            k - +0 cloak
rCorr   .            (no gloves)
SInv    .            (no boots)
Will    .....        (no amulet)
Stlth   +            d - ring of poison resistance
HPRegen 0.31/turn    q - ring of protection from cold
MPRegen 0.10/turn

%: no passive effects
@: attractive, flying, glowing
A: sense surroundings 1, otherworldly, glowing, explore regen
a: Renounce Religion


You were on level 4 of the Dungeon.
You worshipped Xom.
You were a beloved toy of Xom.
You visited 1 branch of the dungeon, and saw 4 of its levels.

You collected 120 gold pieces.

Inventory:

Hand Weapons
 a - a +0 mace of chaos
 j - a +2 heavy scythe (weapon)
Armour
 b - a +2 leather armour (worn)
 k - a +0 cloak (worn)
Jewellery
 d - a ring of poison resistance (left hand)
 q - a ring of protection from cold (right hand)
Scrolls
 h - 6 scrolls of identify {unknown}
 l - a scroll of vulnerability {unknown}
 m - a scroll of noise {unknown}
 o - a scroll of enchant armour {unknown}
 s - a scroll of teleportation {unknown}
 t - a scroll of immolation {unknown}
Potions
 e - a potion of might {unknown}
 f - a potion of cancellation {unknown}
 g - a potion of attraction
 i - a potion of degeneration
 n - a potion of flight
 p - a potion of heal wounds {unknown}
 r - a potion of haste {unknown}
Miscellaneous
 c - a piece from Xom's chessboard (inert) (quivered)


   Skills:
 - Level 12.0 Fighting
 - Level 4.5 Maces & Flails
 * Level 1.9 Polearms
 - Level 3.1 Armour
 + Level 2.7 Dodging


You had 5 spell levels left.
You didn't know any spells.
Your spell library was empty.

Dungeon Overview and Level Annotations

Branches:
Dungeon (4/15) Zot: 621    Temple (0/1) D:4

Altars:

Shops:
D:3 ?


Innate Abilities, Weirdness & Mutations

You passively map a small area around you.
You are easily found by Zot.
You glow in the dark.
You regain HP and MP as you explore.


Message History

There is an open door here.
You reach to attack!
You slice the kobold!!
You kill the kobold!
No target in view!
Found a stone staircase leading down.
There is a stone staircase leading down here.
As you open the door, it creaks loudly!
You hear an angry hiss.
A steam dragon comes into view.
There is an open door here.
The steam dragon breathes steam at you. The ball of steam hits you!
No target in view!
The piece from Xom's chessboard is presently inert.
The piece from Xom's chessboard is presently inert.
You reach to attack!
You closely miss the steam dragon.
You are engulfed in a cloud of scalding steam.
Xom grants you insight.
You detect items!
The steam dragon breathes steam at you. The ball of steam hits you!!
You are too injured to fight recklessly!
You are too injured to fight recklessly!
It was a potion of degeneration.
There was something very wrong with that liquid.
You feel weakened.
You feel dopey.
You feel clumsy.
Xom thinks this is hilarious!
The steam dragon breathes steam at you. The ball of steam hits you!
* * * LOW HITPOINT WARNING * * *
It was a potion of attraction.
You feel attractive to monsters.
You are engulfed in a cloud of scalding steam.
* * * LOW HITPOINT WARNING * * *
The steam dragon barely misses you. The steam dragon closely misses you.
It was a potion of flight.
You feel very buoyant.
You fly up into the air.
You are engulfed in a cloud of scalding steam.
You die...
Xom chortles!

* #########....# * *
,#.......+....# ,
#.......#....# ,,
#.......#....* *, *#### ##+
##..#####... ** *#...
#..###..###....# , , ##...
#.........#..D.# ,, +....
#.........#..@.# ,,#....
#...####..#....# #######...
#...####..##'###, ##....##...
#..>..#.......#, #.....##...
#>....#.......# ,#.....#....
#....###..##.###+#######'##...
#....###..##.###...####..##...
#....#.........#.....)....(...
#....#.........#.........#####


You could see a steam dragon.

Vanquished Creatures
  A howler monkey (D:2)
  An orc wizard (D:3)
  An adder (D:3)
  4 gnolls (D:2)
  3 dart slugs
  3 orcs
  3 bats
  3 endoplasms
  3 giant cockroaches
  2 hobgoblins (D:2)
  4 jackals (D:1)
  8 kobolds
  2 quokkas (D:1)
  2 ball pythons
  4 frilled lizards
44 creatures vanquished.

Notes
Turn   | Place    | Note
-------+----------+-------------------------------------------
     0 | D:1      | Mune the Meteoran Chaos Knight began the quest for the Orb.
     0 | D:1      | Reached XP level 1. HP: 19/19 MP: 2/2
    70 | D:1      | Reached XP level 2. HP: 13/26 MP: 3/3
   236 | D:1      | Reached XP level 3. HP: 29/31 MP: 4/4
   493 | D:1      | Glimpsed the power of Zot.
   556 | D:2      | XOM: silly message
   570 | D:2      | Found a faded altar of an unknown god.
   602 | D:2      | Noticed Sigmund
   606 | D:2      | XOM: potion effect (brilliance)
   608 | D:2      | XOM: potion effect (brilliance)
   609 | D:2      | XOM: potion effect (experience)
   609 | D:2      | Reached skill level 12 in Fighting
   609 | D:2      | Reached XP level 4. HP: 56/56 MP: 5/5
   614 | D:2      | Sigmund changed into Sigmund the howler monkey
   614 | D:2      | Noticed Sigmund
   614 | D:2      | XOM: polymorph Sigmund -> Sigmund the howler monkey
   623 | D:2      | Killed Sigmund the howler monkey
   624 | D:2      | Reached XP level 5. HP: 54/62 MP: 6/6
   653 | D:2      | XOM: 3-stop teleportation journey
   731 | D:2      | XOM: confuse monster(s)
   738 | D:2      | Reached skill level 1 in Polearms
   746 | D:2      | XOM: summons 4 hostile shadow creatures
  1057 | D:2      | Glimpsed the power of Zot.
  1107 | D:2      | Glimpsed the power of Zot.
  1184 | D:2      | XOM: 1-stop teleportation journey
  1195 | D:3      | XOM: smoke on damage
  1201 | D:3      | Reached XP level 6. HP: 27/70 MP: 7/7
  1313 | D:3      | Found Bimouh's Magic Scroll Boutique.
  1561 | D:4      | Found a staircase to the Ecumenical Temple.
  1705 | D:4      | Noticed a steam dragon
  1710 | D:4      | XOM: divination: detect items
  1713 | D:4      | Engulfed by a steam dragon's steam

Illustrated notes

Levels and vault maps discovered:
D:1:      dpeg_arrival_three_same_balls, layout_basic
D:2:      layout_basic, hellmonk_ecumenical_altar_leap_of_faith,
          nicolae_grassy_gnolls, uniq_sigmund
D:3:      layout_basic, hellmonk_ghost_happy_afterlife, serial_shops,
          nicolae_shop_statue_plus, uniq_natasha
D:4:      layout_gridville, minmay_temple_entry_mist, ebering_ghost_sewer_d

Skill      XL: |  1  2  3  4  5 |
---------------+----------------+-----
Dodging        | 2 |  2.7
Armour         | 3 |  3.1
Fighting       | 12 | 12.0
Polearms       | 1 |  1.9
Maces & Flails | |  4.5

Action                     |  1- 3 |  4- 6 || total
---------------------------+-------+-------++-------
  Melee: Mace              |    49 |    14 ||    63
         Halberd           |       |    47 ||    47
  Evoke: Piece from Xom's  |    15 |     4 ||    19
    Use: Potion            |       |     3 ||     3
   Stab: Paralysed         |     2 |       ||     2
         Petrified         |     2 |       ||     2
 Armour: Leather armour    |    25 |    50 ||    75
  Dodge: Dodged            |    39 |    52 ||    91
